[Event "*** Titled Tuesday Blitz"]
[Site "Chess.com"]
[Date "2021.03.16"]
[Round "8"]
[White "GregShahade"]
[Black "SanchezKelvin"]
[Result "0-1"]
[WhiteElo "2761"]
[BlackElo "2637"]
[TimeControl "180+1"]
[EndTime "11:30:09 PDT"]
[Termination "SanchezKelvin won by checkmate"]

1. e4 c5 2. Nf3 d6 3. d4 cxd4 4. Nxd4 Nf6 5. Nc3 g6 6. Be3 Bg7 7. f3 O-O 8. Qd2 Nc6 9. O-O-O Nxd4 10. Bxd4 Be6 11. Kb1 Qc7 12. h4 Rfc8 13. h5 Qa5 14. hxg6 fxg6 15. a3 Bf7 16. Bd3 Rab8 17. Bxf6 Bxf6 18.
Nd5 Qxd2 19. Nxf6+ exf6 20. Rxd2 Rd8 21. c4 h5 22. Rhd1 Kf8 23. Be2 Ke7 24. b3 b6 25.
Kb2 g5 26. Kc3 h4 27. a4 Be6 28. b4 Rbc8 29. Rd4 Rd7 30. R1d2 Rh8 31. Bf1 Rdd8 32.
a5 bxa5 33. b5 h3 34. gxh3 Bxh3 35. Be2 Be6 36. Ra2 Rh2 37. Rdd2 Rc8 38. Ra4 Rc7 39. Bd3 Rh3 40. Rf2 d5 41. exd5 Bxd5 42. Rxa5 Bxf3 43. Kd4 Rd7+ 44. Kc5 Rxd3 45. Rxa7+ Rd7 46. Ra3 g4 47. b6 Rh5+ 48. Kb4 Rd1 49. Rb3 Kd7 50. c5 Kc6 51. Ka3 Ra1+ 52. Kb2 Ra8 53. b7 Rb8 54. Rb6+ Kxc5 55.
Rxf6 Rxb7+ 56. Kc3 Re5 57. Kd3 Rd7+ 58. Kc3 Re3+ 59. Kc2 Re2+ 60. Rxe2 Bxe2 61. Kc3 Bf3 62. Rg6 Kd5 63. Kd3 Ke5+ 64. Ke3 Kf5 65. Rg8 Re7+ 66. Kf2 Re2+ 67. Kg1 Kf4 68. Kf1 Ra2 69. Rf8+ Kg3 70. Ke1 Ra1+ 71. Kd2 Kf2 72. Rh8 g3 73. Rh4 g2 74.
Rh2 Rh1 75. Rxh1 gxh1=Q 76. Kc2 Qd1+ 77. Kb2 Ke2 78. Ka2 Qc1 79. Kb3 Qc5 80. Kb2 Qc4 81.
Ka1 Qb4 82. Ka2 Kd2 83. Ka1 Kc2 84. Ka2 Bd5+ 85. Ka1 Qa3# 0-1

[Event "*** Titled Tuesday Blitz"]
[Site "Chess.com"]
[Date "2021.03.16"]
[Round "8"]
[White "ukchessbomber"]
[Black "fabianvivasz"]
[Result "1-0"]
[WhiteElo "2521"]
[BlackElo "2383"]
[TimeControl "180+1"]
[EndTime "11:30:15 PDT"]
[Termination "ukchessbomber won by checkmate"]

1. d4 Nf6 2. c4 g6 3. Nc3 d5 4.
cxd5 Nxd5 5. e4 Nxc3 6. bxc3 Bg7 7. Be3 c5 8. Qd2 Qa5 9. Rc1 cxd4 10. cxd4 Qxd2+ 11. Bxd2 O-O 12. Be3 Nc6 13. d5 Nb4 14. a3 Na2 15.
Rc7 Be5 16. Rc2 Nc3 17. f4 Bg7 18. Bd3 Bd7 19. Nf3 f5 20. Ne5 fxe4 21. Bc4 Bxe5 22. fxe5 Na4 23. d6+ e6 24. Bb3 Rac8 25. Rc7 Rxc7 26.
dxc7 Rc8 27. O-O Rxc7 28. Bh6 Rc8 29. Rd1 Nc5 30. Rxd7 Nxb3 31. Rg7+ Kh8 32. Rxb7 Nc5 33. Rxa7 Nd3 34. Bg5 Kg8 35. h4 Nxe5 36. Bf6 Ng4 37. Bb2 Rb8 38. Bc1 Rc8 39. Bf4 Rc2 40. g3 e3 41. Kf1 e2+ 42. Ke1 Nh2 43. Bd2 Nf3+ 44. Kxe2 Nxd2 45. Kd3 Ra2 46. a4 Nb3 47. Kc4 Nd2+ 48.
Kc5 Ne4+ 49. Kc6 Nxg3 50. a5 Nf5 51. a6 Nxh4 52. Ra8+ Kf7 53. a7 Kf6 54. Rf8+ Kg5 55. a8=Q Rxa8 56. Rxa8 h5 57. Kd6 Nf5+ 58. Kxe6 h4 59.
Ke5 Kg4 60. Rg8 Kg5 61. Ke4 h3 62. Kf3 Kh5 63. Rh8+ Nh6 64. Kg3 g5 65. Kxh3 g4+ 66. Kg3 Kg5 67. Ra8 Nf5+ 68. Kg2 Kf4 69. Ra4+ Kg5 70.
Kf2 g3+ 71. Kf3 Kh5 72. Rf4 Kg5 73. Rg4+ Kf6 74. Ra4 Kg5 75. Ra5 Kg6 76. Ra6+ Kg5 77. Ra1 Kg6 78. Kg4 Kf6 79. Ra6+ Ke5 80. Ra1 Ke4 81.
Re1+ Kd3 82. Kxf5 g2 83. Rg1 Ke3 84. Rxg2 Kf3 85. Rg8 Ke3 86. Rg7 Kd3 87. Rg6 Ke3 88.
Re6+ Kd3 89. Re4 Kc3 90. Ke5 Kd3 91. Kd5 Kc3 92. Rd4 Kc2 93. Kc4 Kb2 94. Rd2+ Kc1 95.
Kc3 Kb1 96. Re2 Ka1 97. Kb3 Kb1 98. Re1# 1-0

[Event "*** Titled Tuesday Blitz"]
[Site "Chess.com"]
[Date "2021.03.16"]
[Round "8"]
[White "AlhosaniOmran1"]
[Black "Andreikka"]
[Result "1-0"]
[WhiteElo "2504"]
[BlackElo "2859"]
[TimeControl "180+1"]
[EndTime "11:30:24 PDT"]
[Termination "AlhosaniOmran1 won on time"]

1. d4 Nf6 2. c4 e6 3. Nc3 Bb4 4. Qc2 d5 5. cxd5 Qxd5 6. Nf3 Qf5 7. Qb3 Nc6 8. e3 a5 9. a3 a4 10.
Qc4 Ba5 11. Bd3 Qd5 12. Bd2 Qxc4 13. Bxc4 Bd7 14. O-O Bxc3 15. Bxc3 Na5 16. Ba2 Bc6 17. Rac1 Nb3 18. Bxb3 axb3 19. Ne5 Bb5 20. Rfd1 c6 21. f3 Nd5 22. Kf2 f6 23. Nd3 b6 24. Nb4 Kd7 25. e4 Nxb4 26. Bxb4 f5 27. exf5 exf5 28. Bc3 Rhe8 29.
Re1 g6 30. Kg3 Kd6 31. Kf4 h6 32. h4 Bd3 33. Rcd1 Bc2 34. Rxe8 Rxe8 35. Re1 Rg8 36. g4 g5+ 37. Kg3 f4+ 38. Kh3 Kd5 39. Re5+ Kc4 40.
Re6 h5 41. Rxc6+ Kd5 42. Rxb6 hxg4+ 43. fxg4 Rf8 44. hxg5 f3 45. Rf6 Rh8+ 46. Kg3 Be4 47. g6 Rg8 48. Bb4 Kxd4 49. Rd6+ Ke3 50. Bc5+ Ke2 51. Re6 Kd3 52. Bf2 Bxg6 53. Rd6+ Kc2 54. Bd4 Be4 55. Bc3 Rf8 56. Rd2+ Kc1 57. Rf2 Bc6 58.
g5 Rg8 59. Bf6 Kd1 60. Kf4 Ke1 61. Kg3 Bd5 62. Bc3+ Kd1 63. Rd2+ Kc1 64. Rxd5 Rf8 65. Kf2 Kb1 66. g6 Ka2 67. g7 Rg8 68. Kxf3 Re8 69. Rf5 Rd8 70. Rf8 Rd1 71. g8=Q Rg1 72. Qd5 Rf1+ 73. Ke4 Rxf8 74. Be5 Rf1 75. a4 Rd1 76. Qb5 Re1+ 77. Kf5 Rd1 78. a5 Rf1+ 79. Ke6 Rf8 80. Qa4+ Kb1 81. a6 Re8+ 82. Qxe8 1-0

[Event "*** Titled Tuesday Blitz"]
[Site "Chess.com"]
[Date "2021.03.16"]
[Round "8"]
[White "Aslanov_Umid"]
[Black "I_Enchev"]
[Result "1-0"]
[WhiteElo "2429"]
[BlackElo "2542"]
[TimeControl "180+1"]
[EndTime "11:30:55 PDT"]
[Termination "Aslanov_Umid won by checkmate"]

1. e4 c6 2. d4 d5 3. Nd2 dxe4 4. Nxe4 Nf6 5. Nxf6+ exf6 6. c3 Bd6 7. Bd3 O-O 8.
Qc2 Re8+ 9. Ne2 h5 10. Bd2 Be6 11. O-O Qc7 12. h3 Nd7 13. c4 Nf8 14. Rfe1 Rad8 15.
Bc3 Qd7 16. c5 Bb8 17. Ng3 h4 18. Ne4 Bxh3 19. gxh3 Qxh3 20. Nd6 Rxe1+ 21. Rxe1 Qg4+ 22. Kh1 Ne6 23. Bf5 Qf3+ 24. Kg1 Nf4 25. Qe4 Nh3+ 26. Bxh3 Qxh3 27. Qf5 Qxf5 28. Nxf5 h3 29. Re3 h2+ 30. Kh1 g6 31. Ng3 f5 32. Re7 b6 33. Kxh2 Kf8 34.
Rb7 b5 35. Ba5 Re8 36. Bc7 Bxc7 37. Rxc7 Re6 38. Rxa7 f4 39. Nf1 Re2 40. Kg2 Rxb2 41. a4 bxa4 42. Rxa4 Ke7 43. Ra7+ Ke6 44. Rc7 Kd5 45.
Rxf7 Kxd4 46. Rxf4+ Kxc5 47. Rg4 Rb8 48. Rxg6 Kb4 49. Ne3 c5 50. Rg4+ Kb5 51. Re4 Rc8 52. Nc4 Rg8+ 53. Kf1 Kc6 54. f3 Kd5 55. Ke2 Rg2+ 56.
Ke3 Rc2 57. Nd2 Rc3+ 58. Ke2 Rc2 59. Rh4 c4 60. Rh5+ Kd6 61. Ke3 Rc3+ 62. Ke2 Rc2 63. Kd1 Ra2 64. Nxc4+ Ke6 65. Nd2 Kf6 66. Ke2 Rb2 67. Rc5 Ra2 68. Ke3 Rb2 69. Ne4+ Ke6 70. Kf4 Rb3 71. Re5+ Kf7 72. Ra5 Ke6 73. Ra6+ Kf7 74.
Kg4 Rb4 75. Kf5 Rb5+ 76. Kf4 Rb4 77. Kg3 Rb3 78. Kg4 Rb4 79. Kf4 Rc4 80. Rd6 Rb4 81. Rd2 Ra4 82. Rh2 Rb4 83. Rh6 Ra4 84. Rf6+ Ke7 85.
Kg5 Ra5+ 86. Rf5 Ra3 87. f4 Ra1 88. Rb5 Kf7 89. Kf5 Ra2 90. Rb7+ Kf8 91. Ng5 Ra5+ 92. Kf6 Ra6+ 93. Ne6+ Kg8 94. f5 Kh8 95. Kg6 Ra8 96.
Ng5 Rg8+ 97. Kh6 Rf8 98. Nf7+ Kg8 99. Kg6 Rc8 100. Nh6+ Kh8 101. Rh7# 1-0

[Event "*** Titled Tuesday Blitz"]
[Site "Chess.com"]
[Date "2021.03.16"]
[Round "8"]
[White "MrChampion_Coach"]
[Black "jacky72"]
[Result "1/2-1/2"]
[WhiteElo "2512"]
[BlackElo "2692"]
[TimeControl "180+1"]
[EndTime "11:31:08 PDT"]
[Termination "Game drawn by 50-move rule"]

1. d4 Nf6 2. Nf3 g6 3. Nc3 d5 4. Bf4 Bg7 5. Nb5 Na6 6. e3 O-O 7. c4 c6 8. Nc3 Ne4 9. Be2 Qa5 10. O-O Nxc3 11. bxc3 Qxc3 12. cxd5 cxd5 13. Bxa6 bxa6 14.
Rc1 Qa3 15. Rc7 Re8 16. Ne5 Bxe5 17. Bxe5 Qxa2 18. Qf3 Bf5 19. g4 Be4 20. Qf4 Qe2 21. f3 Bd3 22. Rf2 Qe1+ 23. Kg2 Bf1+ 24. Rxf1 Qh4 25.
g5 Qh5 26. Rb1 Rac8 27. Rbb7 Rxc7 28. Rxc7 Kf8 29. Rxa7 Rc8 30. Kg3 h6 31. gxh6 Ke8 32. Qh4 Qxh4+ 33. Kxh4 f6 34. Bxf6 Kf7 35. Bxe7 Ke6 36.
Bg5 Rc2 37. Kg3 Rc8 38. Re7+ Kf5 39. Rg7 Kxg5 40. h7 Rh8 41. Ra7 a5 42. e4 dxe4 43.
fxe4 Kf6 44. e5+ Kf5 45. Ra6 Rxh7 46. Rxa5 Rd7 47. Ra4 Rb7 48. Ra3 Ke4 49. Ra4 Kf5 50. Ra3 Ke4 51. Rf3 Kxd4 52. e6 Ke5 53. Re3+ Kf6 54. h4 Ke7 55. Kg4 Rb5 56. Re4 Rc5 57.
Kf4 Rf5+ 58. Kg4 Ra5 59. Rf4 Kxe6 60. Rf8 Rb5 61. Rf4 Rc5 62. Rf3 Ke7 63. Rf4 Rb5 64.
Re4+ Kf6 65. Rf4+ Kg7 66. Re4 Kh6 67. Rd4 Rb1 68. Rc4 Rg1+ 69. Kh3 Rf1 70. Rc5 Rf4 71. Kg3 Ra4 72. Rc3 Kg7 73. Rc7+ Kf6 74. Rc6+ Kf5 75. Rc5+ Ke6 76. Rc6+ Kf7 77. Rc7+ Kf6 78.
Kh3 Ra3+ 79. Kg4 Ra4+ 80. Kh3 Kf5 81. Rc5+ Kf4 82. Rc3 Ra1 83. Rc4+ Kf5 84. Rc5+ Kf6 85. Rc4 Rg1 86. Rf4+ Kg7 87. Rf3 Kh6 88. Ra3 Rb1 89.
Kg4 Rb4+ 90. Kg3 Rb5 91. Re3 Kg7 92. Rd3 Kf6 93. Ra3 Kf5 94. Rf3+ Ke6 95. Kg4 Ra5 96.
Rf4 Re5 97. Rd4 Kf6 98. Rd7 Re4+ 99. Kg3 Kf5 100. Rf7+ Ke6 101. Rf8 Ra4 102. Rg8 Kf7 103. Rb8 Rc4 104. Rb7+ Kf6 105. Rb6+ Kg7 106. Ra6 Kh6 107. Ra5 Rd4 108. Kh3 Rd3+ 109. Kg4 Rd1 1/2-1/2

[Event "*** Titled Tuesday Blitz"]
[Site "Chess.com"]
[Date "2021.03.16"]
[Round "9"]
[White "lukazz029"]
[Black "rynos0411"]
[Result "0-1"]
[WhiteElo "2255"]
[BlackElo "2512"]
[TimeControl "180+1"]
[EndTime "11:39:41 PDT"]
[Termination "rynos0411 won by resignation"]

1. d4 Nf6 2. c4 e6 3. Nc3 d5 4.
e3 Nbd7 5. cxd5 Nxd5 6. Nge2 c5 7. g3 Nxc3 8. bxc3 cxd4 9. exd4 Bd6 10. Bg2 O-O 11.
O-O Qc7 12. Bd2 Rb8 13. a4 b6 14. Qb3 Ba6 15. Bb7 Bxb7 0-1

[Event "*** Titled Tuesday Blitz"]
[Site "Chess.com"]
[Date "2021.03.16"]
[Round "9"]
[White "politeplayer"]
[Black "AsaHoffmann"]
[Result "1-0"]
[WhiteElo "2269"]
[BlackElo "2357"]
[TimeControl "180+1"]
[EndTime "11:40:07 PDT"]
[Termination "politeplayer won by checkmate"]

1. e4 d6 2. d4 Nf6 3. Nc3 c6 4.
g3 e5 5. Nge2 Be7 6. h3 Be6 7.
d5 cxd5 8. exd5 Bf5 9. g4 Bg6 10. Ng3 a6 11. Bg2 O-O 12. g5 Ne8 13. h4 f6 14. h5 Bf7 15. g6 hxg6 16. hxg6 Bxg6 17. Qg4 Kf7 18. Qe6# 1-0

[Event "*** Titled Tuesday Blitz"]
[Site "Chess.com"]
[Date "2021.03.16"]
[Round "9"]
[White "kunaevchess"]
[Black "JordanLoyd2020"]
[Result "1-0"]
[WhiteElo "2381"]
[BlackElo "2481"]
[TimeControl "180+1"]
[EndTime "11:40:08 PDT"]
[Termination "kunaevchess won by resignation"]

1. e4 c5 2. Nf3 Nc6 3. d4 cxd4 4. Nxd4 g6 5. c4 Nf6 6. Nc3 Nxd4 7. Qxd4 d6 8. Be3 Bg7 9. Be2 O-O 10. Qd2 a5 11. f3 a4 12. Kf2 Be6 13. Rac1 Nd7 14. Rhd1 f5 15. exf5 gxf5 16. Kg1 Rf7 17. c5 Nxc5 18.
Bxc5 1-0

[Event "*** Titled Tuesday Blitz"]
[Site "Chess.com"]
[Date "2021.03.16"]
[Round "9"]
[White "FMalexhdez"]
[Black "whogeeyao"]
[Result "0-1"]
[WhiteElo "2203"]
[BlackElo "2317"]
[TimeControl "180+1"]
[EndTime "11:40:15 PDT"]
[Termination "whogeeyao won by resignation"]

1. e4 c5 2. Nf3 e6 3. d4 cxd4 4. Nxd4 Nc6 5. Nc3 Qc7 6. g3 a6 7.
Bg2 Nf6 8. Nde2 Bc5 9. O-O O-O 10. h3 b5 11. a3 Bb7 12. g4 Rfd8 13. Bf4 d6 14.
Ng3 Ne5 15. Qe2 Ng6 16. Be3 d5 17. exd5 Nxd5 18. Nxd5 Bxd5 19. Bxc5 Bxg2 20. Kxg2 Nf4+ 0-1

[Event "*** Titled Tuesday Blitz"]
[Site "Chess.com"]
[Date "2021.03.16"]
[Round "9"]
[White "Alexander_Moskalenko"]
[Black "AlexPapasimakopoulos"]
[Result "0-1"]
[WhiteElo "2755"]
[BlackElo "2630"]
[TimeControl "180+1"]
[EndTime "11:40:19 PDT"]
[Termination "AlexPapasimakopoulos won by resignation"]

1. f4 g6 2. e4 Bg7 3. Nf3 e6 4.
d4 Ne7 5. c4 d5 6. cxd5 exd5 7. e5 O-O 8. Be2 Bg4 9. O-O Nf5 10.
Nc3 Nc6 11. h3 Bxf3 12. Bxf3 Ncxd4 13. Bxd5 c6 14. Be4 Ng3 15. Re1 Nde2+ 16. Kf2 Nxc3 17. Qxd8 Ncxe4+ 0-1

[Event "*** Titled Tuesday Blitz"]
[Site "Chess.com"]
[Date "2021.03.16"]
[Round "9"]
[White "Chigorinetz"]
[Black "Kurkusha"]
[Result "1-0"]
[WhiteElo "2503"]
[BlackElo "2358"]
[TimeControl "180+1"]
[EndTime "11:40:35 PDT"]
[Termination "Chigorinetz won by resignation"]

1. e4 e5 2. Bc4 Nc6 3. Nc3 Nf6 4. d3 h6 5. f4 Bb4 6. Nf3 d5 7. exd5 Nxd5 8. O-O Nxc3 9. bxc3 Bxc3 10. Ba3 Bxa1 11. Qxa1 Be6 12. Bxe6 fxe6 13. Qb1 b6 14. Nxe5 Nxe5 15. Qb5+ Nd7 16. Qh5+ 1-0

[Event "*** Titled Tuesday Blitz"]
[Site "Chess.com"]
[Date "2021.03.16"]
[Round "9"]
[White "muchojogo"]
[Black "Mrlammy"]
[Result "0-1"]
[WhiteElo "2399"]
[BlackElo "2328"]
[TimeControl "180+1"]
[EndTime "11:40:37 PDT"]
[Termination "Mrlammy won by resignation"]

1. d4 Nf6 2. Bf4 d5 3. e3 e6 4. Nd2 Bd6 5. Bg3 O-O 6. c3 b6 7. Bd3 Bb7 8. Ngf3 c5 9. Ne5 Nc6 10. f4 Ne7 11. Bh4 Ne4 12. Qc2 f5 13. Ndf3 Qe8 14.
O-O-O Ng6 15. Nxg6 Qxg6 16. Ne5 Bxe5 17. fxe5 Qh6 18. Bf2 cxd4 19. Bxe4 fxe4 20. Rxd4 Qg5 21. Qd2 Qxg2 22. Qe1 Qxf2 0-1

[Event "*** Titled Tuesday Blitz"]
[Site "Chess.com"]
[Date "2021.03.16"]
[Round "9"]
[White "GigaQuparadze"]
[Black "GMKrikor"]
[Result "1-0"]
[WhiteElo "2944"]
[BlackElo "2759"]
[TimeControl "180+1"]
[EndTime "11:41:30 PDT"]
[Termination "GigaQuparadze won by resignation"]

1. e4 c5 2. Nf3 d6 3. d4 cxd4 4. Nxd4 Nf6 5. Nc3 a6 6. Rg1 e5 7. Nb3 Be6 8. g4 d5 9. exd5 Nxd5 10. Bg2 Bb4 11. Bd2 Bxc3 12. bxc3 Qc7 13. c4 Qxc4 14. Na5 Qd4 15. c4 Nf4 16. Bxf4 Qxf4 17. Bxb7 Ra7 18. Qd6 Rxb7 19. Nxb7 Qe4+ 20. Kd2 Qxb7 21. Rab1 1-0

[Event "*** Titled Tuesday Blitz"]
[Site "Chess.com"]
[Date "2021.03.16"]
[Round "9"]
[White "FairChess_on_YouTube"]
[Black "Onischuk_V"]
[Result "0-1"]
[WhiteElo "2958"]
[BlackElo "2854"]
[TimeControl "180+1"]
[EndTime "11:41:34 PDT"]
[Termination "Onischuk_V won by resignation"]

1. e4 d6 2. d4 Nf6 3. Nc3 g6 4.
Nf3 Bg7 5. h3 O-O 6. Be3 d5 7.
e5 Ne4 8. Bd3 Nxc3 9. bxc3 c5 10. O-O c4 11. Be2 Nc6 12. Qd2 f6 13. exf6 exf6 14. Rfe1 Bf5 15. Nh4 Be6 16. Bh6 Qd7 17.
Rab1 Rae8 18. Bf1 Bf7 19. g4 Rxe1 20. Rxe1 Re8 21. Rxe8+ Qxe8 22. Ng2 Qf8 23. Bxg7 Kxg7 24. Qf4 Qa3 25. Qc7 Qxc3 26. Nf4 Nxd4 27. Bg2 Qe1+ 28.
Kh2 Qxf2 29. Ne6+ Nxe6 0-1

[Event "*** Titled Tuesday Blitz"]
[Site "Chess.com"]
[Date "2021.03.16"]
[Round "9"]
[White "crazy_but_lazy"]
[Black "Kotofeyca"]
[Result "1-0"]
[WhiteElo "2466"]
[BlackElo "2342"]
[TimeControl "180+1"]
[EndTime "11:41:39 PDT"]
[Termination "crazy_but_lazy won by resignation"]

1. d4 d5 2. Bf4 c6 3. e3 Nf6 4. h3 Bf5 5. Nd2 e6 6. Ngf3 Bd6 7. Ne5 h6 8. Bd3 Bxd3 9. cxd3 Qe7 10.
O-O O-O 11. Ndf3 c5 12. dxc5 Bxc5 13. Qb3 Bb6 14. Rac1 Nbd7 15. Nxd7 Nxd7 16. d4 Rfc8 17. Rc2 Nf6 18. Rfc1 Qd8 19. Ne5 Ne4 20. Nd3 Nd2 21.
Rxd2 1-0

[Event "*** Titled Tuesday Blitz"]
[Site "Chess.com"]
[Date "2021.03.16"]
[Round "9"]
[White "VladimirBugayev"]
[Black "KyrgyzFighter"]
[Result "1-0"]
[WhiteElo "2298"]
[BlackElo "2408"]
[TimeControl "180+1"]
[EndTime "11:41:49 PDT"]
[Termination "VladimirBugayev won by checkmate"]

1. e4 e6 2. d4 d5 3. Bd3 Nc6 4. c3 Nf6 5. e5 Nd7 6. f4 f6 7.
Nd2 fxe5 8. fxe5 Qh4+ 9. g3 Qe7 10. Qh5+ Qf7 11. Qxf7+ Kxf7 12. Ne2 g6 13. O-O+ Kg7 14.
Nf4 Nb6 15. Nf3 Be7 16. Be3 Bd7 17. h4 Nc4 18. Bxc4 dxc4 19. Rae1 h6 20. d5 exd5 21. e6 Rac8 22. exd7 Rcd8 23. Ne6+ Kh7 24. Nxd8 Rxd8 25. Bd4 Nxd4 26. Rxe7+ Kg8 27. Nxd4 c5 28. Re8+ Kg7 29. Rxd8 cxd4 30. cxd4 c3 31. bxc3 b5 32. Re8 b4 33.
d8=Q bxc3 34. Qe7# 1-0

[Event "*** Titled Tuesday Blitz"]
[Site "Chess.com"]
[Date "2021.03.16"]
[Round "9"]
[White "MITerryble"]
[Black "jefferyx"]
[Result "0-1"]
[WhiteElo "2911"]
[BlackElo "3008"]
[TimeControl "180+1"]
[EndTime "11:41:54 PDT"]
[Termination "jefferyx won by resignation"]

1. d4 g6 2. Nf3 Bg7 3. c3 d6 4. e4 Nc6 5. Bc4 e5 6. dxe5 Nxe5 7. Nxe5 Bxe5 8. Nd2 Bg7 9. Nf3 Ne7 10. O-O O-O 11. Bf4 Nc6 12. h3 Be6 13. Bb3 h6 14. Re1 Qd7 15. Qd2 Kh7 16. Ba4 Qe7 17. e5 Nxe5 18. Nxe5 dxe5 19. Bxe5 Bxe5 20. Rxe5 Rad8 21. Qe3 Qf6 22. Bb3 Bxb3 23. axb3 a6 24.
Re1 Rd7 25. Re7 Rfd8 26. b4 Kg7 27. Re2 Rxe7 28. Qxe7 Rd1+ 29. Kh2 Qf4+ 30. g3 Qf3 0-1

[Event "*** Titled Tuesday Blitz"]
[Site "Chess.com"]
[Date "2021.03.16"]
[Round "9"]
[White "Vincent_Vega95"]
[Black "enriquebutti"]
[Result "1-0"]
[WhiteElo "2726"]
[BlackElo "2230"]
[TimeControl "180+1"]
[EndTime "11:41:59 PDT"]
[Termination "Vincent_Vega95 won by resignation"]

1. d4 Nf6 2. c4 e6 3. Nc3 Bb4 4. e3 b6 5. a3 Bxc3+ 6. bxc3 O-O 7. Bd3 c5 8. e4 Ne8 9. Ne2 Ba6 10. f4 d5 11. cxd5 exd5 12. e5 f5 13. O-O Nc7 14. g4 fxg4 15. f5 Qh4 16. Ng3 Bxd3 17. Qxd3 Nc6 18.
Rf4 cxd4 19. cxd4 g5 20. Rf1 Rac8 21. Bd2 Ne7 22. Bb4 Rfe8 23. f6 Ng6 24. f7+ Kh8 25.
fxe8=Q+ Rxe8 26. Qf5 Ne6 27. Qf7 1-0

[Event "*** Titled Tuesday Blitz"]
[Site "Chess.com"]
[Date "2021.03.16"]
[Round "9"]
[White "eCztery"]
[Black "Nemsko"]
[Result "1-0"]
[WhiteElo "2413"]
[BlackElo "2304"]
[TimeControl "180+1"]
[EndTime "11:42:00 PDT"]
[Termination "eCztery won by resignation"]

1. e4 e5 2. Nf3 Nc6 3. Bc4 Bc5 4.
c3 Nf6 5. d3 a6 6. Bb3 Ba7 7.
h3 O-O 8. Nbd2 d6 9. Nf1 Be6 10.
Ng3 d5 11. Qe2 Re8 12. Nh2 b5 13. Ng4 dxe4 14. dxe4 Nxg4 15. hxg4 Na5 16. Bc2 Bc4 17. Qf3 Qd7 18. g5 Rad8 19. Qh5 Qe6 20. Qxh7+ Kf8 21. Nf5 1-0

[Event "*** Titled Tuesday Blitz"]
[Site "Chess.com"]
[Date "2021.03.16"]
[Round "9"]
[White "Artem_Sadovsky"]
[Black "Aslanov_Umid"]
[Result "1-0"]
[WhiteElo "2630"]
[BlackElo "2425"]
[TimeControl "180+1"]
[EndTime "11:42:14 PDT"]
[Termination "Artem_Sadovsky won by resignation"]

1. Nf3 d5 2. c4 e6 3. e3 c6 4.
b3 Nf6 5. Bb2 Be7 6. Be2 O-O 7.
O-O Nbd7 8. d4 b6 9. Nbd2 Bb7 10.
Qc2 Rc8 11. Rad1 c5 12. Qb1 Qc7 13. Bd3 h6 14. Rfe1 cxd4 15. exd4 dxc4 16. bxc4 Nb8 17. d5 exd5 18. Bf5 Rcd8 19. Be5 Qc5 20. Nb3 Qb4 21. c5 Bxc5 22. Bxf6 gxf6 23. Nfd4 Bxd4 24. Rxd4 Qc3 25. Re3 Qc7 26. Rg3+ Kh8 27. Rh4 1-0

[Event "*** Titled Tuesday Blitz"]
[Site "Chess.com"]
[Date "2021.03.16"]
[Round "9"]
[White "Skatchkov_V"]
[Black "BahadirOzen"]
[Result "0-1"]
[WhiteElo "2621"]
[BlackElo "2774"]
[TimeControl "180+1"]
[EndTime "11:42:20 PDT"]
[Termination "BahadirOzen won by resignation"]

1. c4 g6 2. Nf3 Bg7 3. g3 d6 4. Bg2 Nf6 5. O-O O-O 6. d4 c6 7. Nc3 Bf5 8. Qb3 Qc8 9. Nh4 Be6 10. d5 cxd5 11. cxd5 Bd7 12. Bg5 Na6 13. Rac1 Qb8 14. Nf3 Nc5 15. Qb4 h6 16. Be3 Rc8 17. Qh4 g5 18.
Qd4 Nfe4 19. Qd1 Nxc3 20. bxc3 Qc7 21. Bd4 Ne4 22. Bxg7 Kxg7 23. Qd4+ Nf6 24. h4 Qc4 25. hxg5 hxg5 26. Qe3 Qxd5 27. Nxg5 Qf5 28. Bxb7 Bc6 29. Bxc8 Rxc8 30. f3 Rh8 31. Kf2 Ng4+ 0-1

[Event "*** Titled Tuesday Blitz"]
[Site "Chess.com"]
[Date "2021.03.16"]
[Round "9"]
[White "gxbg2000"]
[Black "VladaSviridova"]
[Result "1-0"]
[WhiteElo "1993"]
[BlackElo "2200"]
[TimeControl "180+1"]
[EndTime "11:42:44 PDT"]
[Termination "gxbg2000 won by resignation"]

1. e4 e6 2. d4 d5 3. Nc3 Bb4 4. a3 Bxc3+ 5. bxc3 dxe4 6. Qg4 Nf6 7. Qxg7 Rg8 8. Qh6 c5 9. Bb2 Nbd7 10. O-O-O Qc7 11.
Nh3 Rg6 12. Qd2 cxd4 13. cxd4 b6 14. Nf4 Rg4 15. g3 Bb7 16. Qe3 Rc8 17. Rd2 Rxf4 18. gxf4 Nd5 19. Qh3 e3 20. fxe3 Nxf4 21. exf4 Bxh1 22.
Qxh7 Qxf4 23. Qh8+ Nf8 24. Bb5+ Ke7 25. a4 Be4 26. Ba3+ Kd8 27. Qxf8+ Kc7 28. Qe7+ Kb8 29. Bd6+ Ka8 30. Bxf4 1-0

[Event "*** Titled Tuesday Blitz"]
[Site "Chess.com"]
[Date "2021.03.16"]
[Round "9"]
[White "Omk124"]
[Black "GoltsevDmitry2000"]
[Result "0-1"]
[WhiteElo "2555"]
[BlackElo "2797"]
[TimeControl "180+1"]
[EndTime "11:42:56 PDT"]
[Termination "GoltsevDmitry2000 won by resignation"]

1. e4 e6 2. d4 d5 3. Nd2 Nf6 4. e5 Nfd7 5. Bd3 c5 6. c3 Nc6 7. Ne2 cxd4 8. cxd4 f6 9. exf6 Nxf6 10. Nf3 Bd6 11. O-O O-O 12. Bg5 Qb6 13. Qb1 h6 14. Be3 Ng4 15. Bh7+ Kh8 16. Nh4 Ne7 17.
g3 Nxe3 18. fxe3 Rxf1+ 19. Kxf1 Bd7 20. Kg2 e5 21. Ng6+ Nxg6 22. Bxg6 Bg4 23. Qc2 Rc8 24.
Qd1 Qxb2 25. Bd3 e4 26. Rb1 Qxa2 27. Ra1 Qb2 28. Rb1 Qa3 29. Bb5 Qxe3 30. Qf1 Bf3+ 31.
Kh3 Qg5 0-1

[Event "*** Titled Tuesday Blitz"]
[Site "Chess.com"]
[Date "2021.03.16"]
[Round "9"]
[White "suneebaker"]
[Black "Srisshhhtea"]
[Result "0-1"]
[WhiteElo "2199"]
[BlackElo "2289"]
[TimeControl "180+1"]
[EndTime "11:42:57 PDT"]
[Termination "Srisshhhtea won by resignation"]

1. e4 d5 2. exd5 Nf6 3. d4 Bg4 4. Be2 Bxe2 5. Qxe2 Qxd5 6. Nf3 Nc6 7. O-O O-O-O 8. Be3 Qf5 9. c4 g5 10. d5 Ne5 11. Nd4 Qd3 12. Qxd3 Nxd3 13. Bxg5 Ne4 14. Be3 Nxb2 15. Rc1 Bg7 16. Na3 a6 17. Rab1 Nd3 18. Rd1 Ndc5 19. Nf5 Bf6 20. Bxc5 Nxc5 21. Nc2 Ne4 22.
Rb3 e6 23. Nfe3 Nc3 24. Rd3 exd5 25. Rdxc3 Bxc3 26. Rxc3 d4 27. Rd3 dxe3 0-1

[Event "*** Titled Tuesday Blitz"]
[Site "Chess.com"]
[Date "2021.03.16"]
[Round "9"]
[White "Sokoloco"]
[Black "Buffy7"]
[Result "0-1"]
[WhiteElo "2440"]
[BlackElo "2631"]
[TimeControl "180+1"]
[EndTime "11:42:59 PDT"]
[Termination "Buffy7 won by resignation"]

1. b3 c5 2. Bb2 Nc6 3. e3 Nf6 4. f4 g6 5. Nf3 Bg7 6. Bb5 O-O 7.
O-O d6 8. Bxc6 bxc6 9. c4 a5 10. Nc3 Nd7 11. Rb1 e5 12. fxe5 Nxe5 13. Nxe5 Bxe5 14.
Ne4 Bxb2 15. Rxb2 f5 16. Nc3 Qf6 17. Rb1 Be6 18. Qf3 Bd7 19. Na4 Rae8 20. Nb6 Qg7 21.
Rbd1 Re6 22. d4 cxd4 23. exd4 Rfe8 24. d5 cxd5 25. Qxd5 Kh8 26. Kh1 h5 27. h3 Kh7 28.
Nxd7 Qxd7 29. c5 Re2 30. c6 Qc7 31. Qxd6 Qxd6 32. Rxd6 Rc2 33. Rf3 h4 34. Rf4 Re1+ 35. Kh2 g5 36. Rxf5 Rcc1 37. g4 Re2+ 0-1

[Event "*** Titled Tuesday Blitz"]
[Site "Chess.com"]
[Date "2021.03.16"]
[Round "9"]
[White "dpopadic"]
[Black "djano"]
[Result "1-0"]
[WhiteElo "2362"]
[BlackElo "2480"]
[TimeControl "180+1"]
[EndTime "11:43:08 PDT"]
[Termination "dpopadic won by resignation"]

1. e4 c5 2. Nc3 Nc6 3. f4 g6 4.
Nf3 Bg7 5. Bc4 e6 6. f5 Nge7 7. fxe6 fxe6 8. d3 d5 9. Bb3 O-O 10. O-O Nd4 11. Bg5 Nxb3 12. axb3 d4 13. Na4 h6 14. Bxe7 Qxe7 15. Nb6 axb6 16. Rxa8 e5 17. Qe2 Bf6 18. Nd2 b5 19. Rxc8 Rxc8 20. Qg4 Rc6 21. Qxg6+ Bg7 22. Qg4 Rf6 23. Rxf6 Qxf6 24.
Nf3 Kh7 25. Qf5+ Qxf5 26. exf5 Kg8 27. g4 Kf8 28. Nd2 Kf7 29. Ne4 Bf8 30. Kg2 Be7 31. Kg3 b6 32. h4 Kg7 33. g5 hxg5 34. hxg5 Kf7 35. Kg4 c4 36. bxc4 bxc4 37. b3 cxb3 38. cxb3 b5 39. f6 Ba3 40. Kf5 Bc1 41. g6+ Kf8 42.
Kxe5 1-0

[Event "*** Titled Tuesday Blitz"]
[Site "Chess.com"]
[Date "2021.03.16"]
[Round "9"]
[White "DanilovVladimir"]
[Black "tylityli"]
[Result "0-1"]
[WhiteElo "2405"]
[BlackElo "2292"]
[TimeControl "180+1"]
[EndTime "11:43:14 PDT"]
[Termination "tylityli won by resignation"]

1. d4 Nf6 2. Bg5 Ne4 3. Bf4 d5 4. f3 Nf6 5. e4 dxe4 6. Nc3 Nd5 7. Nxd5 Qxd5 8. c4 Qa5+ 9. Bd2 Qf5 10. Be2 Nc6 11. Bc3 e5 12. d5 Nb4 13. f4 exf4 14. Nh3 f3 15. O-O Bc5+ 16. Bd4 fxe2 17. Qxe2 Bxd4+ 18.
Kh1 Qe5 19. Rae1 e3 20. a3 Na6 21. Nf4 O-O 22. Rf3 Bg4 0-1